 Dungeon Crawl Stone Soup version 0.22.1-5-g62c59d9 (console) character file.

98 erker the Chopper (level 4, -1/42 HPs)
             Began as a Deep Dwarf Fighter on Jan 9, 2019.
             Slain by a gnoll
             ... wielding a +0 halberd
              (6 damage)
             ... on level 2 of the Dungeon.
             The game lasted 00:05:39 (1152 turns).

erker the Chopper (Deep Dwarf Fighter)              Turns: 1152, Time: 00:05:40

Health: -1/42      AC:  6    Str: 25    XL:     4   Next: 43%
Magic:  4/4        EV:  8    Int:  9    God:
Gold:   90         SH: 10    Dex: 12    Spells: 3/3 levels left

rFire    . . .     SeeInvis .   a - +0 war axe
rCold    . . .     Gourm    .   c - +0 shield
rNeg     . . .     Faith    .   b - +0 scale mail
rPois    .         Spirit   .   (no helmet)
rElec    .         Reflect  .   (no cloak)
rCorr    .         Harm     .   (no gloves)
MR       .....                  (no boots)
Stlth    ..........             g - amulet of rage
HPRegen  0.00/turn              (no ring)
MPRegen  0.09/turn              (no ring)

@: mighty, berserk cooldown, non-regenerating, slowed, very slow
A: damage resistance, heal wounds, sense surroundings 1, no regeneration
a: Heal Wounds, Evoke Berserk Rage


You were on level 2 of the Dungeon.
You were not hungry.

You visited 1 branch of the dungeon, and saw 2 of its levels.

You collected 90 gold pieces.

Inventory:

Hand Weapons
 a - a +0 war axe (weapon)
Armour
 b - a +0 scale mail (worn)
 c - a +0 shield (worn)
Jewellery
 g - an amulet of rage (around neck)
Scrolls
 e - 2 scrolls of remove curse {unknown}
 h - a scroll of enchant armour {unknown}
 i - 2 scrolls of identify {unknown}
 j - a scroll of magic mapping {unknown}
 k - a scroll of teleportation {unknown}
 n - a scroll of fog {unknown}
Potions
 m - a potion of curing {unknown}
Comestibles
 f - 3 rations
 l - a chunk of flesh


   Skills:
 + Level 3.0 Fighting
 * Level 3.9 Axes
 + Level 3.6 Armour
 + Level 0.9 Dodging
 + Level 3.7 Shields
 * Level 1.2 Evocations


You had 3 spell levels left.
You didn't know any spells.
Your spell library was empty.

Dungeon Overview and Level Annotations

Branches:
Dungeon (2/15)

Altars:


Innate Abilities, Weirdness & Mutations

You are resistant to damage.
You can heal yourself by infusing magical energy.
You passively map a small area around you.
You do not regenerate.


Message History

You feel very mighty all of a sudden. The gnoll closely misses you.
You block the gnoll's attack. The gnoll hits you with a halberd!
The gnoll closely misses you.
You closely miss the gnoll. x2; You completely miss the gnoll.
The gnoll hits you with a flail. You block the gnoll's attack.
The gnoll completely misses you. The gnoll hits you with a flail!
* * * LOW HITPOINT WARNING * * *
The gnoll barely misses you.
You closely miss the gnoll. You slash the gnoll! x2
You block the gnoll's attack. The gnoll hits you but does no damage.
The gnoll closely misses you. The gnoll barely misses you.
The gnoll hits you with a flail.
* * * LOW HITPOINT WARNING * * *
The gnoll hits you but does no damage. The gnoll barely misses you.
Your shield prevents you from hitting the gnoll.
You barely miss the gnoll. You closely miss the gnoll.
The gnoll hits you with a flail!
* * * LOW HITPOINT WARNING * * *
The gnoll hits you but does no damage. The gnoll hits you with a halberd!
You die...

...≈≈..≈..≈≈≈##
.......≈..≈.## *
........≈≈..# *
............##.###
*,
.................###
####..)###..?..#...
, ,*
..>............... *
* ....(..........#g#
##########.... #@# ,
* *#....gg# #..#####
* #..# #..# * ###
**, #..######..... ,
#...g.<...#* *
#..######## *
#......... , ,


You could see 3 gnolls.

Vanquished Creatures
  A gnoll (D:2)
  2 adders (D:2)
  An ooze (D:2)
  3 worms (D:2)
  A dart slug (D:1)
  2 leopard geckos (D:1)
  3 giant cockroaches (D:1)
  9 hobgoblins
  4 kobolds (D:1)
  A quokka (D:2)
  4 bats
  3 frilled lizards
  8 goblins
  8 rats
50 creatures vanquished.

Notes
Turn   | Place    | Note
-------+----------+-------------------------------------------
     0 | D:1      | erker the Deep Dwarf Fighter began the quest for the Orb.
     0 | D:1      | Reached XP level 1. HP: 20/20 MP: 1/1
    42 | D:1      | Reached XP level 2. HP: 27/27 MP: 2/2
   540 | D:1      | Reached XP level 3. HP: 24/33 MP: 3/3
   882 | D:2      | Reached skill level 1 in Evocations
  1039 | D:2      | Reached XP level 4. HP: 10/42 MP: 4/4
  1152 | D:2      | Slain by a gnoll

Skill      XL: |  1  2  3 |
---------------+----------+-----
Axes           | 3 |  3.9
Fighting       | 3 |  3.0
Evocations     | 1 |  1.2
Armour         | |  3.6
Dodging        | |  0.9
Shields        | |  3.7

Action                   |  1- 3 |  4- 6 || total
-------------------------+-------+-------++-------
Melee: War axe           |   133 |    16 ||   149
 Abil: Evoke Berserk Rag |     2 |     1 ||     3
       Heal Wounds       |     1 |     1 ||     2
  Use: Potion            |       |     1 ||     1
  Eat: Chunk             |     2 |     2 ||     4
Armor: Scale mail        |    65 |     9 ||    74
Dodge: Dodged            |    40 |    10 ||    50
Block: Shield            |    70 |     7 ||    77
